 Dungeon Crawl Stone Soup version 0.21.1-1-g345015f (webtiles) character file.

128 nightchill the Skirmisher (level 5, 3/34 HPs)
             Began as a Gargoyle Fighter on Mar 20, 2018.
             Quit the game on level 3 of the Dungeon.
             The game lasted 00:03:55 (1479 turns).

nightchill the Skirmisher (Gargoyle Fighter)        Turns: 1479, Time: 00:03:55

Health: 3/34       AC: 12    Str: 21    XL:     5   Next: 11%
Magic:  5/5        EV:  7    Int:  8    God:
Gold:   98         SH:  9    Dex:  9    Spells: 4/4 levels left

rFire    . . .     SeeInvis .   a - +0 flail
rCold    . . .     Gourm    .   c - +0 shield
rNeg     + . .     Faith    .   b - +0 scale mail
rPois    ∞         Spirit   .   k - +0 helmet
rElec    +         Reflect  .   (no cloak)
rCorr    .         Harm     .   (no gloves)
MR       .....                  (no boots)
Stlth    ..........             (no amulet)
HPRegen  0.11/turn              (no ring)
MPRegen  0.09/turn              (no ring)

@: no status effects
A: negative energy resistance 1, electricity resistance, unbreathing,
petrification resistance, rot immunity, AC +4
a: no special abilities


You were on level 3 of the Dungeon.
You were not hungry.

You visited 1 branch of the dungeon, and saw 3 of its levels.

You collected 98 gold pieces.

Inventory:

Hand Weapons
 a - a +0 flail (weapon)
Missiles
 j - 54 stones (quivered)
Armour
 b - a +0 scale mail (worn)
 c - a +0 shield (worn)
 k - a +0 helmet (worn)
Jewellery
 d - an uncursed ring of see invisible {unknown}
Scrolls
 e - 2 scrolls of amnesia {unknown}
 h - a scroll of fear {unknown}
 i - a scroll of teleportation {unknown}
 l - a scroll of remove curse {unknown}
Potions
 m - a potion of cancellation {unknown}
Comestibles
 f - 7 rations
 g - 4 chunks of flesh


   Skills:
 + Level 4.4 Fighting
 * Level 4.3 Maces & Flails
 - Level 3.2 Armour
 - Level 3.2 Shields


You had 4 spell levels left.
You didn't know any spells.

Dungeon Overview and Level Annotations

Branches:
Dungeon (3/15)

Altars:
Qazlal


Innate Abilities, Weirdness & Mutations

You are resistant to torment.
Your stone body is resilient. (AC +4)
You are immune to poison.
You resist negative energy. (rN+)
You are resistant to electric shocks. (rElec)
You can survive without breathing.
You are immune to petrification.
You are immune to rotting.


Message History

Your shield and scale mail prevent you from hitting the gnoll.
The gnoll is heavily wounded.
The goblin barely misses you. The gnoll hits you with a whip.
* * * LOW HITPOINT WARNING * * *
The goblin hits you but does no damage.
You sock the gnoll!
You kill the gnoll!
The goblin hits you.
* * * LOW HITPOINT WARNING * * *
You sock the rat!
You kill the rat!
The goblin barely misses you.
Items here: )) †† a whip; a halberd; a rat corpse; a gnoll corpse You barely miss the goblin.
The goblin barely misses you.
You sock the goblin!
You kill the goblin!
Items here: )) ††† a whip; a halberd; a goblin corpse; a rat corpse; a gnoll corpse Are you sure you want to abandon this character and quit the game? (Confirm with "yes".)

..≈≈≈≈.# ..≈≈≈≈.#
#.≈≈≈≈.# #######
#...≈≈.
........#####P....
...............###.#
.......####........#
#..)@)...)#
.......####..<)#
...#### ###### #


There were no monsters in sight!

Vanquished Creatures
  7 gnolls
  2 adders (D:2)
  2 dart slugs
  3 leopard geckos
  2 bats
  A giant cockroach (D:2)
  5 goblins
  4 hobgoblins
  2 kobolds
  A quokka (D:2)
  2 ball pythons
  3 frilled lizards
  A giant cockroach zombie (D:3)
  7 rats
42 creatures vanquished.

Notes
Turn   | Place    | Note
-------+----------+-------------------------------------------
     0 | D:1      | nightchill the Gargoyle Fighter began the quest for the Orb.
     0 | D:1      | Reached XP level 1. HP: 14/14 MP: 1/1
   280 | D:1      | Reached XP level 2. HP: 17/19 MP: 2/2
   660 | D:2      | Found a stormy altar of Qazlal.
   915 | D:2      | Reached XP level 3. HP: 10/24 MP: 3/3
  1290 | D:2      | Reached XP level 4. HP: 28/29 MP: 4/4
  1469 | D:3      | Reached XP level 5. HP: 5/34 MP: 5/5
  1479 | D:3      | Quit the game

Skill      XL: |  1  2  3  4 |
---------------+-------------+-----
Maces & Flails | 3 4 |  4.3
Fighting       | 4 |  4.4
Armour         | |  3.2
Shields        | |  3.2

Action                   |  1- 3 |  4- 6 || total
-------------------------+-------+-------++-------
Melee: Flail             |   129 |    48 ||   177
  Use: Potion            |     1 |       ||     1
  Eat: Chunk             |     1 |     1 ||     2
Armor: Scale mail        |   102 |    31 ||   133
Dodge: Dodged            |    69 |    24 ||    93
Block: Shield            |    94 |    35 ||   129
